 Dungeon Crawl Stone Soup version 0.29.1-12-g30fa7ad0bf (webtiles) character file.

Game seed: 11590216505426078461

126 Flaz the Ruffian (level 5, -4/45 HPs)
             Began as a Ghoul Monk on Dec 23, 2022.
             Slain by an ice beast (6 damage)
             ... on level 3 of the Dungeon.
             The game lasted 00:02:46 (2258 turns).

Flaz the Ruffian (Ghoul Monk)                       Turns: 2258, Time: 00:02:46

Health: -4/45      AC: 11    Str: 17    XL:     5   Next: 9%
Magic:  4/4        EV:  7    Int:  5    God:
Gold:   144        SH:  0    Dex: 11    Spells: 4/4 levels left

rFire   . . .      SeeInvis .     - Unarmed
rCold   + . .      Faith    .   (no shield)
rNeg    + + +      Spirit   .   e - +0 chain mail
rPois   ∞          Reflect  .   g - +0 helmet
rElec   .          Harm     .   (no cloak)
rCorr   .          Rampage  .   (no gloves)
Will    .....                   h - +1 pair of boots
Stlth   ..........              (no amulet)
HPRegen 0.00/turn               (no ring)
MPRegen 0.09/turn               (no ring)

@: inhibited regen
A: claws 1, cold resistance 1, negative energy resistance 3, inhibited
regeneration, torment resistance 2, devour on kill
a: no special abilities


You were on level 3 of the Dungeon.
You visited 1 branch of the dungeon, and saw 3 of its levels.

You collected 144 gold pieces.

Inventory:

Armour
 e - a +0 chain mail (worn)
 g - a +0 helmet (worn)
 h - a +1 pair of boots (worn)
Wands
 i - a wand of paralysis (9)
Scrolls
 a - 5 scrolls of blinking {unknown}
 c - 2 scrolls of enchant armour {unknown}
 f - a scroll of poison {unknown}
 j - a scroll of vulnerability {unknown}
 m - a scroll of amnesia {unknown}
 n - a scroll of magic mapping {unknown}
Potions
 b - a potion of ambrosia
 d - a potion of brilliance {unknown}
 k - a potion of haste {unknown}
 l - a potion of degeneration {unknown}
 o - a potion of lignification {unknown}


   Skills:
 - Level 3.2 Fighting
 - Level 2.6 Dodging
 - Level 2.1 Stealth
 + Level 6.2 Unarmed Combat


You had 4 spell levels left.
You didn't know any spells.
Your spell library was empty.

Dungeon Overview and Level Annotations

Branches:
Dungeon (3/15)

Altars:

Annotations:
D:3 1 runed translucent door, gargbit's ghost, amateur TrFi


Innate Abilities, Weirdness & Mutations

You are immune to poison.
You have sharp fingernails.
Your flesh is cold resistant. (rC+)
You are immune to negative energy. (rN+++)
You do not regenerate when monsters are visible.
You are immune to unholy pain and torment.
You thrive by killing the living.


Message History

The adder attacks as you move away! The adder bites you but does no damage.
You scratch the adder.
The adder is moderately wounded.
The adder bites you.
* * * LOW HITPOINT WARNING * * *
You are too injured to fight recklessly!
You are too injured to fight recklessly!
You claw the adder!
You kill the adder!
You barely miss the goblin. The goblin hits you with a +0 dagger.
* * * LOW HITPOINT WARNING * * *
You completely miss the goblin. The goblin hits you but does no damage.
You scratch the goblin.
The goblin is heavily wounded.
You closely miss the goblin.
The goblin is heavily wounded.
The goblin closely misses you.
You scratch the goblin but do no damage.
The goblin is heavily wounded.
The goblin barely misses you.
You barely miss the goblin.
The goblin is heavily wounded.
The goblin hits you but does no damage.
You barely miss the goblin.
The goblin is heavily wounded.
The goblin closely misses you.
You scratch the goblin.
You kill the goblin!
You scratch the ice beast.
The ice beast is moderately wounded.
The ice beast barely misses you.
You claw the ice beast!
The ice beast is heavily wounded.
The ice beast hits you but does no damage.
You claw the ice beast!
The ice beast is severely wounded.
The ice beast hits you.
* * * LOW HITPOINT WARNING * * *
The ice beast freezes you. You resist.
You die...

#.#.?..K #.#
#.##.....###
#.##...' #.#
#.##.###..##
##K##### .##.##
#.##.# ##...
##....# ##'#...#
###....######.
###.## #......#
#............. #.#
#.###rg#
###...........
#.## ##.#g.rK#
####.......#
###..###g.rY##Y#
#.[......)
#......rK#.###@#
#.........
#.###......# #.#
#.........
#.....###### #.#
#......... #######
#.#### #.........
#....####........#
####..#...........
##...#.........
#####.........
#.........


You could see an ice beast, a gnoll, a quokka, a kobold and a rat.

Vanquished Creatures
  A jelly (D:3)
  4 adders
  A worm (D:2)
  2 orcs (D:3)
  3 ball pythons
  3 endoplasms
  A giant cockroach (D:1)
  3 goblins
  6 hobgoblins
  4 jackals (D:3)
  3 quokkas
  5 bats
  5 frilled lizards
  7 kobolds
  5 rats
53 creatures vanquished.

Notes
Turn   | Place    | Note
-------+----------+-------------------------------------------
     0 | D:1      | Flaz the Ghoul Monk began the quest for the Orb.
     0 | D:1      | Reached XP level 1. HP: 19/19 MP: 0/0
   222 | D:1      | Reached XP level 2. HP: 25/26 MP: 1/1
   346 | D:1      | Reached skill level 4 in Unarmed Combat
   809 | D:1      | Found a faded altar of an unknown god.
  1125 | D:2      | Reached XP level 3. HP: 29/31 MP: 2/2
  1300 | D:2      | Identified the +6 whip "Tarhyoh" {vorpal, Contam rF+ rN+
                  | Int+3}
  1758 | D:3      | Reached skill level 5 in Unarmed Combat
  1902 | D:3      | Noticed gargbit's ghost (amateur TrFi)
  1906 | D:3      | Found a runed translucent door.
  2181 | D:3      | Reached XP level 4. HP: 35/38 MP: 3/3
  2192 | D:3      | Noticed an ice beast
  2223 | D:3      | Reached skill level 6 in Unarmed Combat
  2224 | D:3      | Reached XP level 5. HP: 15/45 MP: 4/4
  2258 | D:3      | HP: 2/45 [ice beast (3)]
  2258 | D:3      | Slain by an ice beast

Illustrated notes

Levels and vault maps discovered:
D:1:      dpeg_arrival_arbitrary_c, layout_basic,
          chequers_ecumenical_altar_lobes, minivault_24
D:2:      layout_basic, basic_altar
D:3:      layout_rooms, hellmonk_ghost_happy_afterlife, minmay_joined_circles

Skill      XL: |  1  2  3  4 |
---------------+-------------+-----
Unarmed Combat | 4 5 6 |  6.2
Fighting       | |  3.2
Dodging        | |  2.6
Stealth        | |  2.1

Action                   |  1- 3 |  4- 6 || total
-------------------------+-------+-------++-------
Melee: Unarmed           |   120 |    46 ||   166
       Punch             |     4 |     2 ||     6
 Stab: Sleeping          |     3 |       ||     3
Armor: Robe              |     5 |       ||     5
       Chain mail        |    62 |    25 ||    87
Dodge: Dodged            |    42 |    16 ||    58
